[Event "Krakow Championship-A 2022"]
[Site "Krakow"]
[Date "2022.06.26"]
[Round "3.2"]
[White "Nguyen, Piotr"]
[Black "Agdestein, Simen"]
[Result "0-1"]
[ECO "A02"]
[WhiteElo "2402"]
[BlackElo "2559"]
[Annotator "TA"]
[PlyCount "73"]
[EventDate "2022.06.25"]
[EventType "swiss"]
[EventCountry "POL"]
[SourceTitle "playchess.com"]
[Source "ChessBase"]
[SourceQuality "1"]
[TimeControl "40/5400+30:1800+30"]

1. f4 c5 2. Nf3 Nc6 3. g3 d5 4. Bg2 e6 5. O-O Nf6 6. d3 Be7 7. e3 {[%emt 0:08:07] A03: Bird's Opening with 1...d5.} O-O 8. Qe2 b5 9. Nbd2 {[%emt 0:10:32] [#]} a5 $146 ({Predecessor:} 9... Qc7 10. e4 Re8 11. c3 Bb7 12. e5 Nd7 13. d4 b4 14. f5 cxd4 15. cxd4 Qb6 16. fxe6 fxe6 {0-1 (31) Dietz,J (2320)-Nissen,C (2310) Germany 1994}) 10. a4 bxa4 11. e4 Nd7 12. Rxa4 Nb6 13. Ra1 a4 14. g4 ({White should try} 14. exd5 $11 exd5 15. Re1) 14... Ba6 15. f5 (15. exd5 $15 exd5 16. Qf2) 15... exf5 16. gxf5 Nb4 (16... c4 $142 $1 {[%cal Rc4d3] And now ...cxd3 would win.} 17. exd5 cxd3 18. cxd3 Nxd5) 17. Ne1 (17. Qd1 $142) 17... c4 $17 {[%emt 0:00:42][%cal Ob4c2,Bc5c4,Bc4d3][%mdl 32] aiming for ...Nxc2!} 18. e5 {[%emt 0:14:20] [#]} f6 (18... Nxc2 $142 $1 19. Nxc2 cxd3) 19. Ndf3 fxe5 20. Qxe5 (20. Nxe5 $17 Qc7 21. Qe3) 20... cxd3 $19 21. c3 Nc6 {[%emt 0:05:56] Active counter play!} 22. Qe6+ Kh8 {[%emt 0:01:01][%cal Od3d2] Threatens to win with ...d2!} 23. Qxc6 Rf6 {[%emt 0:00:14][%mdl 64] Trapped Piece} 24. Ne5 Rxc6 25. Nf7+ {[%emt 0:00:04] Pair of Knights!} Kg8 26. Nxd8 Bc5+ ({Not} 26... Bxd8 27. Rf3 $15) 27. Kh1 Rxd8 28. Rf3 Re8 29. Bf4 Re4 30. Rd1 {[%emt 0:00:52] [#]} a3 (30... d2 $1 $19 31. Bxd2 Be2) 31. bxa3 $17 {[%emt 0:00:25] [#]} Na4 ({Stronger than} 31... Bxa3 32. Bd2 $15) (31... d2 $1 $17 32. Bxd2 Be2) 32. Nxd3 $11 Bxa3 (32... Nxc3 $11 33. Nxc5 Nxd1 34. Nxe4 dxe4) 33. Nf2 (33. Ra1 $14 Rb6 34. f6) 33... Be2 34. Ra1 (34. Nxe4 $5 Bxd1 35. Rd3 dxe4 36. Bxe4 $14) 34... Bb2 35. Nxe4 Bxf3 36. Rxa4 dxe4 37. c4 {[%emt 0:00:00] Whites escaped into a draw.  Weighted Error Value: White=0.29 (precise) /Black=0.21 (precise)} 0-1

[Event "Krakow Championship-A 2022"]
[Site "Krakow"]
[Date "2022.06.26"]
[Round "3.3"]
[White "Nurkiewicz, Maciej"]
[Black "Romanishin, Oleg M"]
[Result "1/2-1/2"]
[ECO "C85"]
[WhiteElo "2332"]
[BlackElo "2400"]
[Annotator "TA"]
[PlyCount "69"]
[EventDate "2022.06.25"]
[EventType "swiss"]
[EventCountry "POL"]
[SourceTitle "playchess.com"]
[Source "ChessBase"]
[SourceQuality "1"]
[TimeControl "40/5400+30:1800+30"]

1. e4 e5 2. Nf3 Nc6 3. Bb5 a6 4. Ba4 Nf6 5. O-O Be7 6. Bxc6 dxc6 7. d3 Nd7 8. b3 O-O 9. Bb2 Bf6 10. Nbd2 {[%emt 0:00:57] C85: Closed Ruy Lopez: Deferred Exchange Variation.} b5 11. Re1 Re8 12. Nf1 {[%emt 0:02:53] [#] The position is equal.} Nf8 $146 ({Predecessor:} 12... c5 13. a4 Rb8 14. axb5 axb5 15. Ne3 g6 16. Ra7 c6 17. Ng4 Bg7 18. Qd2 h5 {1-0 (53) Sarwat,W (2397)-Bjarnason,S (2262) Reykjavik 2007}) 13. d4 Bg4 14. dxe5 Qxd1 15. Raxd1 Bxf3 16. gxf3 Bxe5 17. Bxe5 Rxe5 18. Ne3 h5 19. Nf5 Rae8 20. Re3 Rc5 21. c3 a5 22. h4 b4 23. c4 a4 24. Kh2 ({Don't play} 24. bxa4 g6 25. Ng3 Rxc4 $17) 24... axb3 25. axb3 Ra5 26. Red3 c5 27. Kg3 (27. Rd8 $11 Rxd8 28. Rxd8) 27... Ra3 28. Rd8 (28. Ne3 $142) 28... Rxd8 $1 $17 29. Rxd8 {[%emt 0:00:05][%mdl 4096] Endgame KRN-KRN} g6 $1 30. Ne7+ Kg7 31. Rd3 Ne6 {[%emt 0:00:51] And now ...Nd4 would win.} 32. Nc6 {[%emt 0:01:06] [#] Inhibits Nd4.} Ra6 (32... Ra1 $142 $1 33. Rd7 Rg1+ 34. Kh2 Rb1) 33. Nd8 {[%emt 0:00:51] [#] Black is better.} Rd6 ({Much weaker is} 33... Nd4 $6 34. Nb7 $15) 34. Nxe6+ fxe6 35. Re3 {[%emt 0:00:56] Weighted Error Value: White=0.14 (very precise) /Black=0.06 (flawless)} 1/2-1/2

[Event "Krakow Championship-A 2022"]
[Site "Krakow"]
[Date "2022.06.26"]
[Round "3.4"]
[White "Kozak, Antoni"]
[Black "Skytte, Rasmus"]
[Result "1/2-1/2"]
[ECO "A06"]
[WhiteElo "2459"]
[BlackElo "2357"]
[Annotator "TA"]
[PlyCount "91"]
[EventDate "2022.06.25"]
[EventType "swiss"]
[EventCountry "POL"]
[SourceTitle "playchess.com"]
[Source "ChessBase"]
[SourceQuality "1"]
[TimeControl "40/5400+30:1800+30"]

1. Nf3 d5 2. e3 Nf6 3. c4 e6 4. b3 Nbd7 5. Bb2 Bd6 6. Nc3 {[%emt 0:11:27] A13: English Opening: 1...e6.} O-O $1 {[%emt 0:01:18][%mdl 4] is currently scoring better than 6...c6.} 7. cxd5 exd5 8. Nb5 Be7 {[%emt 0:04:10] [#]} 9. g3 $146 ({Predecessor:} 9. Qc2 c6 10. Nbd4 Re8 11. Be2 g6 12. Ng5 c5 13. Ndf3 h6 14. Ne6 Qb6 15. Nf4 {0-1 (37) Hertneck,G (2496)-Gajewski,G (2630) Germany 2018}) 9... c6 10. Nbd4 Nc5 11. Qc2 Nce4 12. Bg2 c5 13. Ne2 Bf5 {[%emt 0:03:19][%cal Oe4g3] [#] Hoping for ...Nxg3!} 14. Nh4 Bd7 15. O-O ({Much weaker is} 15. f3 Nd6 16. f4 Rc8 $11) 15... Rc8 16. d3 {[%emt 0:12:41] Against c4} (16. Nf4 $5 ) 16... Nd6 17. e4 Ng4 18. Nf3 (18. h3 $14 {deserves consideration.} Bxh4 19. hxg4 (19. gxh4 Nh6 $14)) 18... c4 (18... dxe4 $1 $11 19. dxe4 c4) 19. Qc3 (19. e5 $14 cxd3 20. Qxd3) 19... Bf6 $11 20. e5 Nb5 (20... Re8 $11) 21. Qd2 c3 22. Bxc3 Nxc3 {[%emt 0:01:28][%mdl 64] [#] Remove Defender} 23. Nxc3 Nxe5 24. Nxe5 Bxe5 {[%emt 0:00:11] This bishop pair is nice.} 25. d4 Bf6 26. Nxd5 Bg5 27. Qd3 Bc6 28. Ne3 {[%emt 0:03:49] 0x0.001e64b5d3e0dp-1022s more active pieces.} Bxg2 29. Kxg2 Qa5 30. Nc4 (30. Rfe1 $16) 30... Qd5+ $14 31. Qf3 Rfd8 32. Rad1 Bf6 33. Rfe1 {[%emt 0:03:21][%cal Oe1e8,Bf1e1,Be1e7,Be7b7][%mdl 32] Black must now prevent Re8+!} Qxf3+ 34. Kxf3 Bxd4 35. Re7 (35. Na5 $5 ) 35... b5 36. Ne3 Bc5 (36... h5 {is more complex.} 37. Rb7 a6 38. Ke4 Bc5) 37. Rxd8+ (37. Rc7 $5 Bb6 38. Rxc8 Rxc8 39. Rd5 $14) 37... Rxd8 {[%emt 0:00:09][%mdl 4096] Endgame KRB-KRN. The position is equal.} 38. Rb7 Bb6 39. a4 bxa4 40. bxa4 h5 41. a5 Bxa5 42. Rxa7 Bb6 43. Rb7 Bxe3 44. Kxe3 g6 45. h4 Kg7 46. Ke4 {Weighted Error Value: White=0.08 (flawless) /Black=0.08 (flawless)} 1/2-1/2

[Event "Krakow Championship-A 2022"]
[Site "Krakow"]
[Date "2022.06.26"]
[Round "3.5"]
[White "Kyc, Jerzy"]
[Black "Fus, Jakub"]
[Result "0-1"]
[ECO "C95"]
[WhiteElo "2213"]
[BlackElo "2378"]
[Annotator "TA"]
[PlyCount "148"]
[EventDate "2022.06.25"]
[EventType "swiss"]
[EventCountry "POL"]
[SourceTitle "playchess.com"]
[Source "ChessBase"]
[SourceQuality "1"]
[TimeControl "40/5400+30:1800+30"]

1. e4 e5 2. Nf3 Nc6 3. Bb5 a6 4. Ba4 Nf6 5. O-O Be7 6. Re1 b5 7. Bb3 d6 8. c3 O-O 9. h3 Nb8 10. d4 Nbd7 11. Nbd2 Bb7 12. a4 c5 13. Bc2 Re8 14. Nf1 Bf8 15. Ng3 g6 16. dxe5 dxe5 17. Be3 {[%emt 0:02:06] [#] C95: Closed Ruy Lopez: Breyer Variation with 10 d4.} Qc7 $146 ({Predecessor:} 17... c4 18. axb5 axb5 19. b4 Rxa1 20. Qxa1 Qa8 21. Nd2 h5 22. f3 Qxa1 23. Rxa1 Ra8 24. Rxa8 Bxa8 25. Ngf1 Bc6 {½-½ (25) Zayan,O (2208)-Ibrahim,H (2334) Cairo 2016}) 18. Qc1 c4 19. Bh6 {[%emt 0:00:51] The position is equal.} Qc5 20. Bxf8 Qxf8 21. axb5 axb5 22. b4 cxb3 23. Rxa8 Rxa8 24. Bxb3 Nc5 (24... Qa3 {is interesting.} 25. Qd1 Kg7 26. Ng5 Ra6) 25. Bc2 Nfd7 26. Qb2 Bc6 27. Ra1 f6 28. Rxa8 Qxa8 29. Nd2 Kg7 30. Ngf1 Na4 ({Much less strong is} 30... Nxe4 31. Nxe4 Bxe4 32. Bxe4 Qxe4 33. Qxb5 $14) 31. Qb4 Qf8 32. Nb1 Qc5 33. Ne3 Kf8 34. Kf1 Ke7 35. Ke2 (35. Qb3 {keeps more tension.} Kd8 36. Qg8+ Kc7 37. Qxh7 Nxc3 38. Nxc3 Qxc3 39. Qxg6 b4 40. Qf7) 35... Qd6 36. Qxd6+ (36. f3 {looks sharper.} Ndc5 37. Kf1 Na6 38. Qxd6+ Kxd6 39. Bb3) 36... Kxd6 37. h4 Ndb6 38. f3 Bd7 39. Bb3 f5 40. exf5 gxf5 41. Kd2 f4 42. Nc2 (42. Nd1 $11) 42... Nb2 43. Nba3 Kc5 {[%emt 0:00:00] Black is more active.} (43... N2c4+ $15 {feels stronger.} 44. Bxc4 bxc4) 44. Nb4 $11 N2c4+ 45. Nxc4 Nxc4+ {[%emt 0:00:00][%mdl 4096] Endgame KBN-KBN} 46. Ke2 Bf5 47. Na6+ Kd6 48. Nb4 Bg6 49. Kf2 Nd2 50. Bg8 Nb1 51. Na2 Kc5 52. g4 fxg3+ 53. Kxg3 Bd3 {[%emt 0:00:25] [#] And now ...Bc4 would win.} 54. f4 exf4+ 55. Kxf4 Bc4 56. Bxc4 (56. Bxh7 $11 Bxa2 57. h5) 56... Kxc4 {[%emt 0:00:03] KN-KN} 57. Kg5 (57. Nb4 $15) 57... Nxc3 $17 58. Kh6 Nxa2 59. Kxh7 {[%emt 0:00:01] KN-KP} b4 60. h5 b3 61. h6 b2 62. Kg7 b1=Q 63. h7 Qb7+ 64. Kg8 Qc8+ 65. Kg7 Qd7+ 66. Kg8 Qe8+ 67. Kg7 Qe7+ 68. Kg8 Nc3 69. h8=Q Ne4 70. Qh6 Kb5 {[%emt 0:03:33] ( -> ...Nf6+)} 71. Qh5+ Ng5 72. Qg6 Ne4 ({Black should try} 72... Qe5 $17 73. Qd3+ Kc5) 73. Qh6 $2 (73. Qh5+ $11 Nc5 74. Qf5) 73... Nf6+ 74. Kh8 {[%emt 0:00:01] [#]} Ka6 $1 {[%emt 0:01:50] Weighted Error Value: White=0.11 (very precise) /Black=0.06 (flawless)} 0-1

[Event "Krakow Championship-A 2022"]
[Site "Krakow"]
[Date "2022.06.26"]
[Round "3.6"]
[White "Rudolf, Michal"]
[Black "Danielyan, Vahe"]
[Result "1/2-1/2"]
[ECO "D20"]
[WhiteElo "2361"]
[BlackElo "2324"]
[Annotator "TA"]
[PlyCount "109"]
[EventDate "2022.06.25"]
[EventType "swiss"]
[EventCountry "POL"]
[SourceTitle "playchess.com"]
[Source "ChessBase"]
[SourceQuality "1"]
[TimeControl "40/5400+30:1800+30"]

1. d4 d5 2. c4 dxc4 3. e3 Nf6 4. Bxc4 e6 5. Nf3 a6 6. O-O Nbd7 7. a4 c5 8. Nc3 Qc7 9. Qe2 Bd6 {[%emt 0:00:10] D27: Queen's Gambit Accepted: Classical main line: 7 e4!? and 7 a4.} 10. dxc5 Bxc5 11. e4 {[%emt 0:00:27] And now e5 would win.} Ng4 {[%emt 0:03:06] Prevents e5. White is slightly better.} 12. Ba2 {[%emt 0:07:05] [#]} h5 $146 (12... O-O $11) ({Predecessor:} 12... O-O 13. Bg5 Nde5 14. Nxe5 Nxe5 15. Bf4 Bd6 16. Rac1 Nc6 17. Bxd6 Qxd6 18. Rfd1 Qc7 {½-½ (37) Voiteanu,C (2213)-Toma,R (2262) Calimanesti 2014}) 13. Bg5 (13. h3 $16) 13... Nde5 $14 14. Bf4 Bd6 15. Nxe5 Bxe5 16. Bxe5 Qxe5 17. f4 Qc5+ 18. Kh1 Bd7 19. Rac1 {[%emt 0:02:07][%cal Oc3d5] aiming for Nd5!} Rc8 20. Qd2 Qe7 (20... Qe3 $11 21. Rcd1 Rd8) 21. h3 $1 Bc6 (21... Rd8 $1 $14) 22. Qe1 (22. hxg4 $6 hxg4+ 23. Kg1 g3 $11) (22. f5 $142 $1) 22... Rd8 23. Qg3 (23. hxg4 $2 hxg4+ 24. Kg1 Qc5+ 25. Qf2 Qh5 $19) 23... Nf6 {[%emt 0:06:19] [#]} ({Black should play} 23... g6 $1 $14) 24. e5 (24. Qxg7 Rg8 25. Qh6 Rd2 $17) ({White must play} 24. f5 $1 $16) 24... h4 $11 25. Qg5 (25. exf6 hxg3 26. fxe7 Rd2 $19) (25. Qxg7 $11 Rg8 26. exf6 Rxg7 27. fxg7 (27. fxe7 $2 Bxg2+ 28. Kg1 Rd2 $19)) 25... Nh5 $19 26. Qxe7+ (26. Rfd1 $142) 26... Kxe7 27. Rf2 {[%emt 0:00:17] Prevents Rd2.} Rd4 28. Ne2 Rd2 29. Kg1 Rhd8 ({Not} 29... Rxb2 30. Nd4 Rxf2 31. Kxf2 $17) 30. Bc4 Rxb2 (30... Bxa4 $19 {has better winning chances.} 31. b4 Rd1+ 32. Rf1 Rxc1 33. Rxc1 b5) 31. Nd4 $17 Rxf2 ({Reject} 31... Rxd4 $6 32. Rxb2 Kd7 33. f5 $11) 32. Nxc6+ bxc6 33. Kxf2 {[%emt 0:00:06][%mdl 4096] Endgame KRB-KRN} a5 ({Stronger than} 33... Nxf4 34. Bxa6 g5 35. g3 hxg3+ 36. Kxg3 $17) 34. Ke3 Rb8 35. Bd3 {[%emt 0:01:08] [#]} Rb3 (35... Rb4 $1 $17 36. Rc4 c5) 36. Rc5 $15 {[%emt 0:04:52] [#]} Nxf4 $1 37. Kxf4 {[%emt 0:00:07] Threatens to win with Ke3.} Rxd3 38. Rxa5 {[%emt 0:00:05] KR-KR} g6 ({Black should try} 38... c5 $15) 39. Ke4 $2 (39. Kg5 $1 $11 {and White stays safe.}) 39... Rd2 40. Ra7+ Kf8 41. a5 (41. Kf3 $142) 41... Rxg2 $19 {[%emt 0:00:20] Hoping for ...Rg3.} 42. Kd4 $2 (42. Ra8+ Kg7 43. a6) 42... Ra2 43. Kc5 g5 44. Kb6 c5 $2 (44... Rh2 $19 45. a6 Rxh3) 45. a6 $11 {[%emt 0:07:14] The position is equal.} g4 46. hxg4 h3 47. Rd7 h2 48. Rd1 c4 49. a7 c3 50. Kb7 Rb2+ 51. Kc7 Ra2 {[%emt 0:00:33] ( -> ...c2)} 52. Kb7 c2 53. Rf1 Rb2+ 54. Ka6 Ra2+ (54... Kg7 $5 55. a8=Q Ra2+ 56. Kb7 Rxa8 57. Kxa8 Kh6 $11) 55. Kb7 {[%emt 0:00:04] White happily takes the draw.  Weighted Error Value: White=0.36/Black=0.35} 1/2-1/2

[Event "Krakow Championship-A 2022"]
[Site "Krakow"]
[Date "2022.06.26"]
[Round "3.7"]
[White "Turcan, Richard"]
[Black "Rozentalis, Eduardas"]
[Result "0-1"]
[ECO "E10"]
[WhiteElo "2278"]
[BlackElo "2523"]
[Annotator "TA"]
[PlyCount "74"]
[EventDate "2022.06.25"]
[EventType "swiss"]
[EventCountry "POL"]
[SourceTitle "playchess.com"]
[Source "ChessBase"]
[SourceQuality "1"]
[TimeControl "40/5400+30:1800+30"]

1. d4 Nf6 2. c4 e6 3. Nf3 Nc6 4. Nc3 Bb4 5. Bg5 h6 6. Bh4 g5 7. Bg3 Ne4 8. Qd3 (8. Qc2 $5 d5 9. a3 Bxc3+ 10. bxc3 $11) 8... Bxc3+ {[%emt 0:02:38] E30: Nimzo-Indian: Leningrad Variation.} 9. bxc3 Nxg3 10. hxg3 Qf6 {[%emt 0:00:25] The position is equal.} 11. e3 d6 {[%emt 0:01:17] [#]} 12. Qc2 $146 ({Predecessor:} 12. Be2 Bd7 13. Nd2 Qe7 14. g4 Nd8 15. Bf3 Bc6 16. d5 exd5 17. cxd5 Bd7 18. Qd4 {½-½ (63) Lindblom,S (1987)-Borresen,G (2143) Asker 2003}) 12... Bd7 13. Bd3 e5 14. O-O-O (14. Be4 $11) 14... O-O-O $15 15. Rdf1 Rhe8 16. Nd2 exd4 17. exd4 Re7 18. f4 (18. f3 $14) 18... gxf4 $11 19. gxf4 Qg7 20. Nf3 (20. f5 $5 Re3 21. Ne4 $11) 20... Rde8 21. Qd2 Bg4 22. f5 {[%emt 0:06:28] [#] Strongly threatening f6.} Bxf3 (22... Re3 $11) 23. Rxf3 $14 {[%emt 0:01:09] aiming for f6.} f6 $1 24. Rfh3 Na5 25. Rxh6 Qf7 26. Rh8 (26. d5 $1 $14 {is more appropriate.}) 26... Nxc4 $11 27. Qh6 Rxh8 28. Qxh8+ Kd7 29. Qb8 {[%emt 0:01:43] [#]} (29. g4 $11 {and White stays safe.}) 29... Qd5 $1 $19 {[%emt 0:01:19] Really sharp!} 30. Qxa7 $2 {[%emt 0:00:39] This move loses the game for White.} (30. Bxc4 $17 {was necessary.} Qxc4 31. Qxb7) 30... Qxg2 31. Qa4+ c6 {[%emt 0:00:18] ( -> ...Qd2+). Black is clearly winning.} 32. Bxc4 {[%emt 0:00:27] Be6+ is the strong threat.} Qxh1+ {[%emt 0:00:13] KQR-KQB} 33. Kb2 d5 34. Bd3 Qh2+ 35. Bc2 (35. Qc2 $142 Qg3 36. a4) 35... Re2 {[%emt 0:03:11] Hoping for ...Qf2.} 36. Qb3 Kc7 37. a4 Qf2 {[%emt 0:01:18] Weighted Error Value: White=0.54/Black=0.08 (flawless)} 0-1

[Event "Krakow Championship-A 2022"]
[Site "Krakow"]
[Date "2022.06.26"]
[Round "3.8"]
[White "Zwardon, Vojtech"]
[Black "Liu, Casper"]
[Result "1-0"]
[ECO "A11"]
[WhiteElo "2482"]
[BlackElo "2218"]
[Annotator "TA"]
[PlyCount "92"]
[EventDate "2022.06.25"]
[EventType "swiss"]
[EventCountry "POL"]
[SourceTitle "playchess.com"]
[Source "ChessBase"]
[SourceQuality "1"]
[TimeControl "40/5400+30:1800+30"]

1. c4 c6 2. Nc3 d5 3. d4 Nf6 4. cxd5 cxd5 5. Bf4 Nc6 6. e3 a6 7. Rc1 Bf5 8. Nf3 Rc8 9. Ne5 {[%emt 0:00:11] D13: Slav Defence: Exchange variation without ...Bf5.} Nxe5 10. dxe5 $1 {[%emt 0:00:05] 10.dxe5 scores better than 10.Bxe5.} Ne4 11. Nxe4 {[%emt 0:00:08] The position is equal.} Rxc1 12. Qxc1 {[%emt 0:00:02] Black must now prevent Ng3.} Bxe4 (12... dxe4 $11 {is more appropriate.} 13. Qc3 h6) 13. e6 $1 $14 Qa5+ 14. Ke2 {[%emt 0:00:07] And now Qc8+ would win.} fxe6 15. f3 Bg6 (15... Bf5 $14) 16. Be5 {[%emt 0:00:29] [#]} Qxa2 $146 ({Predecessor:} 16... Kd8 17. Kf2 Rg8 18. Be2 Be8 19. b4 Qb6 20. Qc3 Qc6 21. Qb2 g6 22. Rc1 Qb6 23. Bc7+ Qxc7 24. Rxc7 Kxc7 25. Qe5+ Kd7 26. Qb8 {1-0 (26) Huzman,A (2581)-Zhao,Z (2410) Mallorca 2004}) 17. Kf2 Qb3 18. Be2 Bd3 19. Bxd3 Qxd3 20. Rd1 Qc4 21. Qxc4 dxc4 {[%emt 0:00:07][%mdl 4096] Endgame KRB-KRB} 22. Rc1 Rg8 23. Rxc4 g6 24. Rc7 Kf7 25. Rxb7 {[%emt 0:00:31] White is more active.} Bh6 (25... Bg7 $1 $14 26. Bxg7 Rxg7) 26. Bd6 (26. Ra7 $16) 26... Bg5 27. f4 Bf6 28. e4 e5 ({Black should try} 28... Bd4+ $1 $14 29. Ke2 Re8) 29. fxe5 $16 {[%emt 0:01:12] White leaves nothing to chance now.} Bg5 30. Bb4 Rd8 {[%emt 0:15:02] [#]} 31. g3 $1 {[%emt 0:04:51] h4 is the strong threat.} a5 (31... Re8 {is a better defense.} 32. Rb6 Bc1) 32. Bxa5 $18 Rd4 {[%emt 0:00:20] [#]} 33. Bc3 Rxe4 (33... Rd3 {was necessary.} 34. h4 Bd2 35. e6+ Kxe6 36. Rb6+ Kf7) 34. Kf3 {[%emt 0:00:08] White is clearly winning.} Rc4 35. Bb4 Ke6 36. h4 Bc1 (36... Bxh4 $142 37. gxh4 Kxe5 38. Bxe7 h6) 37. Rxe7+ Kd5 38. Bc3 h5 39. Rd7+ Ke6 40. Rg7 Rg4 41. Rb7 g5 42. Rb6+ Kd5 43. Rd6+ Kc5 44. Rd1 gxh4 45. Rxc1 hxg3 46. Rg1 Kd5 {Weighted Error Value: White=0.07 (flawless) /Black=0.29 (precise)} 1-0

[Event "Krakow Championship-A 2022"]
[Site "Krakow"]
[Date "2022.06.26"]
[Round "3.9"]
[White "Pniaczek, Marek"]
[Black "Leniart, Arkadiusz"]
[Result "0-1"]
[ECO "C55"]
[WhiteElo "2298"]
[BlackElo "2473"]
[Annotator "TA"]
[PlyCount "60"]
[EventDate "2022.06.25"]
[EventType "swiss"]
[EventCountry "POL"]
[SourceTitle "playchess.com"]
[Source "ChessBase"]
[SourceQuality "1"]
[TimeControl "40/5400+30:1800+30"]

1. e4 e5 2. Nf3 Nc6 3. Bc4 Nf6 4. d4 exd4 5. e5 d5 6. Bb5 Ne4 7. Nxd4 Bd7 8. Bxc6 bxc6 9. O-O Bc5 10. Be3 Qe7 11. Re1 O-O ({But not} 11... Qxe5 12. f3 $16) 12. f3 {[%emt 0:02:40] C56: Two Knights: 4 d4 exd4 5 0-0 Nxe4.} Ng5 13. f4 Ne4 14. Nd2 {[%emt 0:01:04] The position is equal.} f5 $1 15. Nxe4 fxe4 16. Qd2 g5 {[%emt 0:09:05] [#] White must now prevent ...gxf4.} 17. c3 $146 ({Predecessor:} 17. fxg5 Qxe5 18. c3 Bd6 19. g3 Rf7 20. Rf1 Raf8 21. Rxf7 Rxf7 22. Rf1 Rxf1+ 23. Kxf1 {½-½ (45) Radovanovic,D (2298)-Mastrovasilis,A (2345) Chania 1999}) 17... Bb6 18. Rf1 a5 19. fxg5 Qxe5 20. b4 (20. Kh1 $11 {keeps the balance.}) 20... axb4 $17 21. cxb4 c5 22. bxc5 (22. Ne2 $15) 22... Bxc5 23. Nb3 Bd6 {[%emt 0:01:27][%csl Gd6][%cal Re5h2] The board is on fire. A strong pair of Bishops.} 24. g3 {[%emt 0:00:11] [#]} Bh3 $1 25. Bd4 $2 (25. Rf6 $17) 25... Rxf1+ $40 {[%emt 0:05:25][%mdl 128] Black is out for blood.} 26. Rxf1 {[%emt 0:00:07] White does not recover from this.} e3 $1 {[%emt 0:00:26][%cal Be4e3,Be3e2][%mdl 32] And now ...e2 would win.} 27. Qc2 Qxg5 {[%emt 0:03:51] aiming for ...Bxg3.} 28. Rf3 Re8 {[%emt 0:06:02] ( -> ...e2). Active counter play!} 29. Qc6 Qh5 30. g4 e2 {[%emt 0:00:35] Weighted Error Value: White=1.17/Black=0.19 (very precise)} 0-1

[Event "Krakow Championship-A 2022"]
[Site "Krakow"]
[Date "2022.06.26"]
[Round "3.10"]
[White "Paszewski, Mateusz"]
[Black "Klimkowski, Jan"]
[Result "1/2-1/2"]
[ECO "A05"]
[WhiteElo "2286"]
[BlackElo "2401"]
[Annotator "TA"]
[PlyCount "37"]
[EventDate "2022.06.25"]
[EventType "swiss"]
[EventCountry "POL"]
[SourceTitle "playchess.com"]
[Source "ChessBase"]
[SourceQuality "1"]
[TimeControl "40/5400+30:1800+30"]

1. Nf3 Nf6 2. c4 e6 3. g3 Be7 4. Bg2 O-O 5. O-O d5 6. b3 d4 7. e3 c5 8. exd4 cxd4 9. d3 Nc6 10. Re1 Nd7 11. Ba3 {[%emt 0:16:03] A14: English Opening: 1...e6 with b3 by White.} e5 12. b4 Bxb4 13. Bxb4 {[%emt 0:00:08] The position is equal.} Nxb4 14. Nxe5 Nxe5 ({Better is} 14... Qa5 $15 15. Nxd7 Bxd7) 15. Rxe5 $14 Qd6 16. Rb5 {[%emt 0:05:01] [#] Hoping for c5.} Qe7 $146 ({Predecessor:} 16... Re8 17. Nd2 Nc6 18. Rab1 Qg6 19. Be4 Qh6 20. Rh5 Qf6 21. Bxh7+ Kf8 22. Ne4 Qd8 {1-0 (32) Jones,G (2665)-Bacrot,E (2695) Chess.com INT 2017}) 17. a3 Re8 {[%emt 0:06:42] Strongly threatening ...Qe1+.} 18. Nd2 ({Wrong is} 18. axb4 $2 Qe1+ 19. Qxe1 Rxe1+ 20. Bf1 Bh3 $19) 18... Nc6 (18... Nxd3 $14 {is more appropriate.} 19. Ne4 a6) 19. Qc2 {[%emt 0:04:37] Weighted Error Value: White=0.04 (flawless) /Black=0.21 (precise)} (19. Bd5 $16) 1/2-1/2

[Event "Krakow Championship-A 2022"]
[Site "Krakow"]
[Date "2022.06.26"]
[Round "3.11"]
[White "Murphy, Conor E"]
[Black "Gjestemoen-VonHirsch, Andre"]
[Result "1-0"]
[ECO "B31"]
[WhiteElo "2395"]
[BlackElo "2236"]
[Annotator "TA"]
[PlyCount "77"]
[EventDate "2022.06.25"]
[EventType "swiss"]
[EventCountry "POL"]
[SourceTitle "playchess.com"]
[Source "ChessBase"]
[SourceQuality "1"]
[TimeControl "40/5400+30:1800+30"]

1. e4 c5 2. Nf3 Nc6 3. Bb5 g6 4. O-O Bg7 5. d3 e5 6. a3 {[%emt 0:01:09][%cal Ob2b4] B31: Sicilian: 2...Nc6 3 Bb5 g6.} Nge7 7. b4 cxb4 8. axb4 {[%emt 0:01:03] [#] White is slightly better.} Nxb4 $146 (8... O-O $14) ({Predecessor:} 8... O-O 9. c4 Nxb4 10. Ba3 Nbc6 11. Bd6 b6 12. Nc3 Re8 13. c5 Bb7 14. Bc4 Nc8 {0-1 (43) Demchenko,A (2654)-Maghsoodloo,P (2701) Warsaw 2021}) 9. Nbd2 (9. Ba3 $16 Nbc6 10. Bd6) 9... Nbc6 (9... a6 $11) 10. Nc4 {[%emt 0:04:15] [#] aiming for Nd6+.} d6 (10... O-O $1 $14) 11. Ba3 $16 O-O 12. Nxd6 Bg4 13. c3 {[%emt 0:12:25] Against Nd4. Black must now prevent Bc4.} Qd7 14. h3 Bxf3 15. Qxf3 Nc8 16. Nc4 Rd8 17. Ne3 $36 {[%emt 0:08:17][%mdl 2048] White is really pushing.} a6 18. Bc4 b5 19. Bb3 a5 20. Bc5 Rb8 21. Ng4 {[%emt 0:04:41] Hoping for Nf6+.} a4 22. Ba2 {[%emt 0:01:30] Strongly threatening Nf6+. 0x0.00086210446edp-1022s more active pieces. This bishop pair is nice.} b4 (22... Kh8 $16 {is a better defense.}) 23. cxb4 $18 {[%emt 0:03:44] And now Nf6+ would win.} Nd4 24. Qd1 h5 25. Ne3 Ne7 (25... Nb6 $142 26. Nd5 Nxd5 27. Bxd5 Nb3) 26. Bc4 Nb3 (26... Ne6 {was called for.} 27. Bxe6 Qxe6 28. Bxe7 Qxe7 29. Rxa4 Bf8) 27. Bxb3 axb3 28. Qxb3 Bf8 29. Ra7 Rb7 30. Rxb7 Qxb7 31. Bxe7 Bxe7 32. Nd5 Bc5 33. Rc1 Rc8 34. Qb1 Bd6 35. Rxc8+ Qxc8 36. b5 Qb7 37. Qc1 Qxb5 {[%emt 0:00:37] [#]} 38. Qh6 $1 f6 39. Qxg6+ {[%emt 0:00:13] Weighted Error Value: White=0.09 (flawless) /Black=0.52} 1-0